 Dungeon Crawl Stone Soup version 0.21-a0-205-ge9f4a53 (webtiles) character file.

21 Helio the Sneak (level 2, 0/13 HPs)
             Began as a Spriggan Enchanter on Aug 20, 2017.
             Slain by a kobold
             ... wielding a +0 whip
              (4 damage)
             ... on level 1 of the Dungeon.
             The game lasted 00:04:32 (793 turns).

Helio the Sneak (Spriggan Enchanter)                 Turns: 793, Time: 00:04:32

Health: 0/13       AC:  2    Str:  4    XL:     2   Next: 65%
Magic:  5/7        EV: 18    Int: 16    God:
Gold:   0          SH:  0    Dex: 16    Spells: 5/8 levels left

rFire    . . .     SeeInvis +   a - +1 dagger
rCold    . . .     Gourm    .   (shield restricted)
rNeg     . . .     Faith    .   b - +0 robe
rPois    .         Spirit   .   (helmet restricted)
rElec    .         Reflect  .   (no cloak)
rCorr    .         Harm     .   (gloves unavailable)
MR       .....                  (boots unavailable)
Stlth    +++.......             (no amulet)
HPRegen  0.04/turn              e - ring of wizardry
MPRegen  0.10/turn              (no ring)

@: very quick
A: unfitting armour, see invisible, herbivore 3, speed 3, slow metabolism 2
a: no special abilities


You were on level 1 of the Dungeon.
You were not hungry.

You visited 1 branch of the dungeon, and saw 1 of its levels.

Inventory:

Hand Weapons
 a - a +1 dagger (weapon)
Armour
 b - a +0 robe (worn)
Jewellery
 e - a ring of wizardry (left hand)
Scrolls
 f - 3 scrolls of fear {unknown}
 i - 2 scrolls of remove curse {unknown}
Potions
 h - a potion of mutation {unknown}
Books
 c - a book of Maledictions

   Spells                             Type                      Level
   a - Corona                         Hexes                        1
   b - Ensorcelled Hibernation        Hexes/Ice                    2
   c - Confuse                        Hexes                        3
   d - Tukima's Dance                 Hexes                        3
   e - Dazzling Spray                 Conjuration/Hexes            3
Comestibles
 d - a bread ration


   Skills:
 - Level 1.1 Short Blades
 - Level 3.0 Dodging
 - Level 4.4 Stealth
 + Level 3.5 Spellcasting
 + Level 4.2 Hexes


You had 5 spell levels left.
You knew the following spells:

 Your Spells              Type           Power        Failure   Level  Hunger
a - Ensorcelled Hibernat  Hex/Ice        #.....       4%          2    ##.....
b - Corona                Hex            ###....      1%          1    None


Dungeon Overview and Level Annotations

Branches:
Dungeon (1/15)

Altars:


Innate Abilities, Weirdness & Mutations

You are very small and have problems with some larger weapons.
You are too small for most types of armour.
You have supernaturally acute eyesight. (SInv)
You are a herbivore.
You cover ground extremely quickly.
You need consume almost no food.


Message History

Magic restored.
A hobgoblin comes into view.
A goblin and a kobold come into view.
The goblin shouts!
The kobold shouts!
The hobgoblin shouts!
You hit the hobgoblin but do no damage. The hobgoblin hits you.
The kobold throws a stone.
The stone hits you but does no damage. The hobgoblin hits you.
Casting: Ensorcelled Hibernation
Confirm with . or Enter, or press ? or * to list all spells.
Aiming: Ensorcelled Hibernation
Press: ? - help, Shift-Dir - straight line, f - hobgoblin
Aim: a hobgoblin (chance to defeat MR: 58%)
The hobgoblin looks drowsy...
The helpless hobgoblin fails to defend itself.
You puncture the hobgoblin!
You kill the hobgoblin!
It was a potion of cancellation.
You feel magically purged. The kobold hits you with a whip.
You die...

### ##########.#
........@K.#
##########g#
.K.#.##############
######.#...............
.......Kg##############
##.........g.... ..
.....#.....##### ##
##.# ###.#.# . # #.#.#
.


You could see a goblin and a kobold.

Vanquished Creatures
  A leopard gecko (D:1)
  A bat (D:1)
  2 giant cockroaches (D:1)
  3 goblins (D:1)
  3 hobgoblins (D:1)
  3 jackals (D:1)
  A kobold (D:1)
  A frilled lizard (D:1)
  A rat (D:1)
16 creatures vanquished.

Notes
Turn   | Place    | Note
-------+----------+-------------------------------------------
     0 | D:1      | Helio the Spriggan Enchanter began the quest for the Orb.
     0 | D:1      | Reached XP level 1. HP: 9/9 MP: 5/5
   220 | D:1      | Reached XP level 2. HP: 13/13 MP: 7/7
   224 | D:1      | Learned a level 2 spell: Ensorcelled Hibernation
   793 | D:1      | Slain by a kobold

Vault maps used:
D:1:      eino_arrival_druids_welcome

Skill      XL: |  1 |
---------------+----+-----
Spellcasting   | 3 |  3.5
Hexes          | 4 |  4.2
Short Blades   | |  1.1
Dodging        | |  3.0
Stealth        | |  4.4

Action                   || total
-------------------------++-------
Melee: Dagger            ||    27
 Cast: Corona            ||     1
       Ensorcelled Hiber ||    12
  Use: Potion            ||     1
 Stab: Sleeping          ||    13
Dodge: Dodged            ||    11
